 Dungeon Crawl Stone Soup version 0.31.0-12-g77e489cdc1 (webtiles) character file.

Game seed: 20925539963869288

79 H0rd4k the Trooper (level 4, 0/37 HPs)
             Began as a Human Artificer on Feb 13, 2024.
             Slain by a hobgoblin (6 damage)
             ... led by Robin
             ... on level 3 of the Dungeon.
             The game lasted 00:02:24 (2143 turns).

H0rd4k the Trooper (Human Artificer)                Turns: 2143, Time: 00:02:25

Health: 0/37       AC:  5    Str: 19    XL:     4   Next: 38%
Magic:  4/4        EV: 11    Int: 13    God:
Gold:   132        SH:  0    Dex: 13    Spells: 3/3 levels left

rFire   . . .        o - +2 short sword (venom)
rCold   . . .        (no shield)
rNeg    . . .        b - +0 leather armour
rPois   .            (no helmet)
rElec   .            (no cloak)
rCorr   .            r - +1 pair of gloves
SInv    .            (no boots)
Will    .....        (no amulet)
Stlth   +            l - +6 ring of strength
HPRegen 0.26/turn    (no ring)
MPRegen 0.09/turn

%: no passive effects
@: no status effects
A: explore regen
a: no special abilities


You were on level 3 of the Dungeon.
You visited 1 branch of the dungeon, and saw 3 of its levels.

You collected 132 gold pieces.

Inventory:

Hand Weapons
 o - a +2 short sword of venom (weapon)
Missiles
 p - 7 poisoned darts
Armour
 b - a +0 leather armour (worn)
 r - a +1 pair of gloves (worn)
Jewellery
 l - a +6 ring of strength (left hand)
Talismans
 n - a maw talisman
Wands
 c - a wand of flame (12) (quivered)
 d - a wand of charming (26)
 e - a wand of iceblast (5)
Scrolls
 a - a scroll of vulnerability {unknown}
 h - a scroll of identify {unknown}
 j - a scroll of amnesia {unknown}
 k - a scroll of blinking {unknown}
 q - a scroll of fog {unknown}
Potions
 f - a potion of mutation {unknown}
 g - a potion of curing {unknown}
 i - a potion of haste {unknown}
 m - 2 potions of attraction {unknown}


   Skills:
 + Level 3.8 Fighting
 + Level 1.0 Short Blades
 - Level 2.0 Armour
 - Level 1.0 Dodging
 - Level 1.0 Stealth
 - Level 3.0 Evocations


You had 3 spell levels left.
You didn't know any spells.
Your spell library was empty.

Dungeon Overview and Level Annotations

Branches:
Dungeon (3/15)

Altars:
Cheibriados
Zin

Annotations:
D:3 Robin


Innate Abilities, Weirdness & Mutations

You regain HP and MP as you explore.


Message History

Your Short Blades skill increases to level 1!
You hit the goblin.
The goblin is poisoned.
The goblin is severely wounded.
The goblin hits you with a +0 club.
You hit the goblin.
You kill the goblin!
The goblin misses you.
You closely miss the goblin.
The goblin is severely wounded.
You kill the goblin!
You hit the goblin.
You kill the goblin!
The hobgoblin hits you.
A goblin comes into view. It is wielding a +0 club.
The hobgoblin hits you but does no damage.
Things that are here:
a +0 club; a goblin corpse You hit the hobgoblin but do no damage.
The hobgoblin is poisoned.
The hobgoblin barely misses you.
You barely miss the hobgoblin.
The hobgoblin no longer looks unusually strong.
The hobgoblin hits you.
Robin roars a battlecry!
The goblins go into a battle-frenzy!
You closely miss the hobgoblin.
The hobgoblin is heavily wounded.
The hobgoblin hits you.
* * * LOW HITPOINT WARNING * * *
Robin barely misses you.
You closely miss Robin. The hobgoblin hits you.
* * * LOW HITPOINT WARNING * * *
The hobgoblin hits you.
* * * LOW HITPOINT WARNING * * *
Robin barely misses you.
Unknown command.
Aiming: Charm
Press: ? - help, Shift-Dir - straight line, f - Robin
Aim: Robin, wielding a +0 club, wearing a +0 animal skin and wearing a +0 helmet (chance to affect: 65%) Robin is charmed.
The hobgoblin misses you. The hobgoblin hits you.
You die... #gg #..#########≈≈.####### #.. #.....))...#≈≈.# #.g #.....)....'...# #gg

#..........'...#
#.h
#..........'...#
#..
#..........#≈≈##
#''##..#########≈≈#
#......#)..#g.≈≈≈##
#......)..g)g@≈≈≈#
#......#...#g.≈≈##
#################


You could see 2 hobgoblins, a goblin (strong) and the friendly Robin (charmed).

Vanquished Creatures
  2 adders
  A dart slug (D:1)
  7 bats
  An endoplasm (D:3)
  A giant cockroach (D:1)
  4 hobgoblins
  5 jackals (D:3)
  9 kobolds
  2 quokkas (D:2)
  2 ball pythons (D:1)
  2 frilled lizards
  15 goblins
  4 rats
55 creatures vanquished.

Notes
Turn   | Place    | Note
-------+----------+-------------------------------------------
     0 | D:1      | H0rd4k the Human Artificer began the quest for the Orb.
     0 | D:1      | Reached XP level 1. HP: 15/15 MP: 1/1
   167 | D:1      | Reached XP level 2. HP: 21/22 MP: 2/2
  1180 | D:2      | Reached XP level 3. HP: 28/28 MP: 3/3
  1486 | D:2      | Found a glowing silver altar of Zin.
  1843 | D:3      | Found a snail-covered altar of Cheibriados.
  1884 | D:3      | Reached XP level 4. HP: 34/37 MP: 4/4
  2122 | D:3      | Noticed Robin
  2134 | D:3      | Reached skill level 1 in Short Blades
  2143 | D:3      | Slain by a hobgoblin

Illustrated notes

Levels and vault maps discovered:
D:1:      doesnt_arrival_eight_statues, layout_basic
D:2:      layout_basic, basic_altar
D:3:      kennysheep_goblin_castle, layout_basic, lemuel_doored_altar,
          mainiacjoe_overflow_cross_hatched

Skill      XL: |  1  2  3  4 |
---------------+-------------+-----
Fighting       | 2 3 |  3.8
Short Blades   | 1 |  1.0
Armour         | |  2.0
Dodging        | |  1.0
Stealth        | |  1.0
Evocations     | |  3.0

Action                     |  1- 3 |  4- 6 || total
---------------------------+-------+-------++-------
  Melee: Club              |   109 |       ||   109
         Short sword       |    32 |    36 ||    68
  Evoke: Wand              |     3 |     1 ||     4
 Armour: Leather armour    |    99 |    46 ||   145
  Dodge: Dodged            |    93 |    44 ||   137
